 Dungeon Crawl Stone Soup version 0.25-a0-378-gd2ca0b7745 (webtiles) character file.

Game seed: 5616886518635708858, levelgen mode: deterministic

156518 MirrMurr the Warrior (level 17, -2/117 HPs)
             Began as a Kobold Berserker on Jan 5, 2020.
             Was a High Priest of Trog.
             Slain by a jumping spider (3 damage)
             ... on level 1 of the Spider Nest on Jan 7, 2020.
             The game lasted 01:23:51 (35314 turns).

MirrMurr the Warrior (Kobold Berserker)            Turns: 35314, Time: 01:23:52

Health: -2/117     AC: 19    Str: 21    XL:     17   Next: 99%
Magic:  0/17       EV: 24    Int:  8    God:    Trog [*****.]
Gold:   2529       SH: 11    Dex: 17    Spells: 16/16 levels left

rFire    . . .     SeeInvis .   a - +14 rapier of the Known World {pierce, Dex+2 Stlth+}
rCold    . . .     Gourm    .   v - +0 shield
rNeg     . . .     Faith    +   o - +0 swamp dragon scales
rPois    +         Spirit   +   A - +1 helmet
rElec    .         Reflect  .   U - scarf {Spirit}
rCorr    .         Harm     .   V - +2 pair of gloves
MR       ++...                  (no boots)
Stlth    ++........             q - amulet of faith
HPRegen  0.29/turn              P - ring of protection from magic
MPRegen  0.15/turn              F - +4 ring of protection

@: lethally poisoned (-2 -> -26), berserk cooldown, slowed, very slow
A: small, carnivore
}: 1/15 runes: decaying
a: Berserk, Trog's Hand, Brothers in Arms, Renounce Religion


You were on level 1 of the Spider Nest.
You worshipped Trog.
Trog was extremely pleased with you.
You were not hungry.

You visited 6 branches of the dungeon, and saw 29 of its levels.
You also visited: Sewer.

You collected 3049 gold pieces.
You spent 520 gold pieces at shops.

Inventory:

Hand Weapons
 a - the +14 rapier of the Known World (weapon) {pierce, Dex+2 Stlth+}
   (Trog gifted it to you on level 6 of the Lair of Beasts)

   It inflicts extra damage upon your enemies.
   It affects your dexterity (+2).
   It makes you more stealthy.
 b - a +0 hunting sling
 w - a +2 antimagic scimitar
Missiles
 f - 3 throwing nets
 g - 200 sling bullets
 n - 25 curare-tipped darts
 t - 140 poisoned darts
 z - 44 boomerangs (quivered)
 K - 500 stones
Armour
 o - +0 swamp dragon scales (worn)
 v - a +0 shield (worn)
 A - a +1 helmet (worn)
 G - a scarf of cloud immunity
 U - a scarf of spirit shield (worn)
 V - a +2 pair of gloves (worn)
Jewellery
 q - an amulet of faith (around neck)
 y - an uncursed ring of fire
 F - a +4 ring of protection (right hand)
 P - a ring of protection from magic (left hand)
 Q - an uncursed ring of flight
Wands
 u - a wand of acid (2)
 x - a wand of polymorph (13)
 B - a wand of clouds (9)
 C - a wand of digging (17)
 E - a wand of random effects (16)
 N - a wand of paralysis (23)
Scrolls
 i - 2 scrolls of identify
 j - a scroll of holy word {unknown}
 l - a scroll of immolation
 r - 13 scrolls of remove curse
 D - 4 scrolls of fog
 O - 7 scrolls of magic mapping
 S - 3 scrolls of enchant weapon
 W - a scroll of brand weapon
Potions
 d - 3 potions of ambrosia
 e - 11 potions of curing
 h - 2 potions of mutation
 k - 4 potions of flight
 m - 2 potions of cancellation
 p - 5 potions of might
 s - 8 potions of heal wounds
 I - 4 potions of agility
 J - 2 potions of resistance
 R - 2 potions of lignification
Miscellaneous
 M - 2 phantom mirrors
Comestibles
 c - 50 rations


   Skills:
 * Level 17.2 Fighting
 - Level 14.0(16.4) Short Blades
 + Level 10.1(11.6) Long Blades
 + Level 7.7 Slings
 - Level 9.6 Armour
 + Level 16.5 Dodging
 + Level 6.8 Shields


You had 16 spell levels left.
You didn't know any spells.
Your spell library was empty.

Dungeon Overview and Level Annotations

Branches:
Dungeon (15/15)            Temple (1/1) D:4            Lair (6/6) D:8
  Swamp (4/4) Lair:4       Spider (1/4) Lair:4        Slime (0/5) Lair:6
    Orc (2/2) D:11            Elf (0/3) Orc:2        Vaults (0/5) D:13
 Depths (0/5) D:15          Sewer (visited)

Altars:
Ashenzari
Cheibriados
Dithmenos
Elyvilon
Fedhas
Gozag
Hepliaklqana
Kikubaaqudgha
Makhleb
Nemelex Xobeh
Okawaru
Qazlal
Ru
Sif Muna
Trog
Uskayaw
Vehumet
Wu Jian
Xom
Yredelemnul
Zin
The Shining One
Beogh
Jiyva

Shops:
D:10 !   Orc:2 *:([

Annotations:
D:6 1 runed translucent door, mokwee's ghost, novice MiFi
D:14 1 runed translucent door
Lair:3 exclusion: oklob plant
Swamp:3 2 transporters


Innate Abilities, Weirdness & Mutations

You are small and have problems with some larger weapons.
You are carnivorous and can eat meat at any time.


Message History

You puncture the orb spider!
The orb spider is almost dead.
* * * LOW HITPOINT WARNING * * *
You feel very sick.
The jumping spider pounces on you but does no damage.
The jumping spider bites you but does no damage.
Unknown command.
Unknown command.
You hit the orb spider.
You kill the orb spider!
Trog accepts your kill.
* * * LOW HITPOINT WARNING * * *
You feel sick. You block the jumping spider's attack.
The jumping spider completely misses you.
You puncture the jumping spider!
The jumping spider is heavily wounded.
* * * LOW HITPOINT WARNING * * *
You feel sick. The jumping spider misses you.
The jumping spider barely misses you. The jumping spider pounces on you!
You die...

#............#
#...........##
#.....w....##
#.........##
#.#...w..#####
###.^#s####..#
#.....#)†..##
####.††††...##
#.##......s@#
#.##.........#
#.##.............
##................
#....##....[........
##.#.##.........$.##
#.#.###...%......#
##..# ##..........
###..# .....


You could see a jumping spider.

Vanquished Creatures
  Frances (Swamp:1)
  Donald (Swamp:1)
  A thorn hunter (Swamp:1)
  2 orc warlords
  A stone giant (Orc:2)
  Nessos (D:13)
  A very ugly thing (Swamp:3)
  Erolcha (Orc:1)
  19 hydras
  An ogre mage (D:15)
  Harold (Lair:2)
  A ghost crab (Swamp:4)
  4 catoblepae
  An ice dragon (Swamp:4)
  Erica (Lair:1)
  4 centaur warriors
  11 alligators
  A shambling mangrove (Swamp:4)
  9 two-headed ogres
  11 death yaks
  A vampire mage (D:15)
  2 tengu warriors (D:14)
  Urug (Lair:6)
  An orc high priest (Orc:2)
  6 skeletal warriors
  A wizard (D:15)
  An unseen horror (D:11)
  10 swamp dragons
  2 spriggan druids
  A necromancer (D:15)
  An orb spider (Spider:1)
  3 orc knights (Orc:2)
  3 wolf spiders (Spider:1)
  3 orc sorcerers (Orc:2)
  2 deep elf magi
  3 manticores
  10 ugly things
  4 cyclopes
  A centaur zombie (D:11)
  10 elephants (Lair:6)
  2 torpor snails
  5 black mambas
  Maurice (Orc:2)
  A centaur skeleton (D:15)
  22 spiny frogs
  A rime drake (Lair:4)
  7 komodo dragons
  A komodo dragon (shapeshifter) (D:14)
  An efreet (D:15)
  2 demonic crawlers (Spider:1)
  2 tengu conjurers (D:14)
  A queen bee (D:15)
  3 meliai (D:15)
  4 trolls
  A jumping spider (Spider:1)
  Grinder (D:3)
  13 hornets
  2 polar bears (Lair:6)
  A wolf spider simulacrum (D:14)
  6 tyrant leeches
  A deep troll zombie (D:15)
  13 blink frogs
  3 slime creatures (Swamp:1)
  5 dream sheep (Lair:6)
  An ice dragon zombie (D:15)
  4 bog bodies
  11 hippogriffs
  Sigmund (D:2)
  2 tarantellas (Spider:1)
  A shadow (Swamp:4)
  8 spriggans
  12 redbacks (Spider:1)
  2 centaur simulacra (D:14)
  A fire elemental (Lair:3)
  3 wyverns
  2 vampires (D:13)
  38 yaks
  A fire dragon skeleton (D:15)
  A water elemental (D:14)
  2 fire bats (Lair:4)
  4 hogs (D:7)
  3 basilisks
  A hungry ghost (D:13)
  A human (D:7)
  13 vampire mosquitoes
  22 insubstantial wisps
  11 swamp worms
  3 wargs
  2 acid dragons
  11 water moccasins
  9 porcupines
  An eye of draining (D:6)
  27 orc warriors
  15 swamp drakes
  13 ice beasts
  2 black bears (D:9)
  A sky beast (D:6)
  10 wolves
  5 phantoms
  16 ogres
  12 centaurs
  8 crocodiles
  6 big kobolds
  Blork the orc (D:5)
  15 bullfrogs
  A wyvern zombie (D:13)
  2 water moccasin zombies
  A wyvern skeleton (D:13)
  31 killer bees
  A hornet simulacrum (D:14)
  5 scorpions
  16 wights
  4 howler monkeys (D:11)
  3 electric eels
  6 crimson imps
  A bullfrog zombie (D:13)
  5 hounds
  5 jellies
  5 bullfrog skeletons
  16 orc priests
  4 iguanas
  29 orc wizards
  12 worker ants
  Natasha (thrice) (D:3)
  2 hound zombies
  3 hound skeletons
  Robin (D:3)
  11 adders
  2 river rats (Sewer)
  4 shadow imps
  2 white imps (D:14)
  An ooze (D:6)
  An adder skeleton (D:6)
  3 worms
  2 dart slugs
  2 leopard geckos
  74 orcs
  5 giant cockroaches
  8 hobgoblins
  15 jackals
  5 quokkas
  5 bats
  8 frilled lizards
  15 goblins
  A jackal skeleton (D:5)
  30 kobolds
  A quokka skeleton (D:5)
  9 rats
  2 fungi (Lair:6)
  4 plants
906 creatures vanquished.

Vanquished Creatures (others)
  A spriggan zombie (D:15)
  A redback (Spider:1)
  An orc warrior (Orc:2)
  2 orcs (Orc:2)
  3 fungi
  10 plants
  10 withered plants (D:15)
28 creatures vanquished.

Grand Total: 934 creatures vanquished

Notes
Turn   | Place    | Note
-------+----------+-------------------------------------------
     0 | D:1      | MirrMurr the Kobold Berserker began the quest for the Orb.
     0 | D:1      | Reached XP level 1. HP: 14/14 MP: 1/1
   137 | D:1      | Reached XP level 2. HP: 19/19 MP: 2/2
   278 | D:1      | Reached XP level 3. HP: 17/23 MP: 3/3
   698 | D:2      | Noticed Sigmund
   868 | D:2      | Killed Sigmund
   868 | D:2      | Reached skill level 4 in Fighting
   868 | D:2      | Reached skill level 1 in Shields
   868 | D:2      | Reached XP level 4. HP: 29/29 MP: 4/4
   868 | D:2      | Reached XP level 5. HP: 33/33 MP: 5/5
   868 | D:2      | Reached XP level 6. HP: 38/38 MP: 6/6
  1466 | D:2      | Reached ** piety under Trog
  1856 | D:3      | Noticed Grinder
  1919 | D:3      | Noticed Natasha
  1924 | D:3      | Killed Natasha
  1952 | D:3      | Noticed Robin
  1964 | D:3      | Killed Robin
  2013 | D:3      | Noticed Natasha
  2026 | D:3      | Killed Natasha
  2030 | D:3      | Noticed Natasha
  2039 | D:3      | Killed Natasha
  2039 | D:3      | Reached XP level 7. HP: 23/44 MP: 7/7
  2063 | D:3      | Reached *** piety under Trog
  2194 | D:3      | Paralysed by Grinder for 4 turns
  2232 | D:3      | Killed Grinder
  2232 | D:3      | Reached skill level 5 in Fighting
  2348 | D:3      | Found a glowing drain.
  2352 | Sewer    | Entered a sewer
  2589 | Sewer    | Reached XP level 8. HP: 43/49 MP: 8/8
  2636 | Sewer    | Found a white marble altar of Elyvilon.
  3059 | D:4      | Reached skill level 5 in Dodging
  3250 | D:4      | Found the ring of Shadows {Umbra +Inv Stlth+}
  3325 | D:4      | Found a staircase to the Ecumenical Temple.
  3334 | Temple   | Entered the Ecumenical Temple
  3911 | D:4      | Found an iron altar of Okawaru.
  4479 | D:5      | Entered Level 5 of the Dungeon
  4528 | D:5      | Reached **** piety under Trog
  4678 | D:5      | Reached skill level 6 in Fighting
  4889 | D:5      | Reached XP level 9. HP: 55/55 MP: 9/9
  4977 | D:5      | Noticed Blork the orc
  4993 | D:5      | Killed Blork the orc
  5269 | D:5      | Reached skill level 10 in Short Blades
  5570 | D:6      | Found a burning altar of Makhleb.
  6257 | D:6      | Found a runed translucent door.
  6262 | D:6      | Noticed mokwee's ghost (novice MiFi)
  6320 | D:6      | Reached skill level 7 in Fighting
  6504 | D:6      | Reached ***** piety under Trog
  6504 | D:6      | Received a gift from Trog
  6746 | D:7      | Reached XP level 10. HP: 39/63 MP: 10/10
  6931 | D:7      | Reached skill level 5 in Shields
  7374 | D:7      | Found an opulent altar of Gozag.
  7599 | D:8      | Found a staircase to the Lair.
  7707 | D:8      | Reached skill level 8 in Fighting
  7945 | D:8      | Noticed a green ugly thing
  7957 | D:8      | Killed a green ugly thing
  8039 | D:8      | Received a gift from Trog
  8088 | D:8      | Found a blossoming altar of Fedhas.
  8088 | D:8      | Noticed a deep elf mage
  8098 | D:8      | Killed a deep elf mage
  8165 | D:8      | Reached XP level 11. HP: 69/69 MP: 11/11
  8320 | D:9      | Noticed a four-headed hydra
  8330 | D:9      | Killed a four-headed hydra
  8475 | D:9      | Found a shimmering altar of Xom.
  8475 | D:9      | Found a shimmering altar of Xom.
  8475 | D:9      | Found a shimmering altar of Xom.
  8475 | D:9      | Found a shimmering altar of Xom.
  8475 | D:9      | Found a shimmering altar of Xom.
  8479 | D:9      | Found a shimmering altar of Xom.
  8479 | D:9      | Found a shimmering altar of Xom.
  8628 | D:9      | Reached skill level 9 in Fighting
  8897 | D:10     | Entered Level 10 of the Dungeon
  9229 | D:10     | Noticed a two-headed ogre
  9251 | D:10     | Killed a two-headed ogre
  9251 | D:10     | Reached skill level 10 in Dodging
  9259 | D:10     | Received a gift from Trog
  9563 | D:10     | Reached skill level 10 in Fighting
  9577 | D:10     | Upgraded the game from 0.25-a0-365-g7600c65aa0 to
                  | 0.25-a0-366-g516bc45ae0
  9813 | D:10     | Found Hues's Distillery.
  9963 | D:11     | Noticed a cyclops
  9979 | D:11     | Killed a cyclops
  9979 | D:11     | Reached skill level 1 in Long Blades
 10081 | D:11     | Killed an unseen horror
 10381 | D:11     | Reached XP level 12. HP: 69/77 MP: 12/12
 10535 | D:11     | Found a staircase to the Orcish Mines.
 10785 | D:11     | Received a gift from Trog
 11745 | Lair:1   | Entered Level 1 of the Lair of Beasts
 11745 | Lair:1   | Noticed Erica
 12032 | Lair:1   | Killed Erica
 12880 | Lair:2   | Noticed Harold
 12897 | Lair:2   | Killed Harold
 12897 | Lair:2   | Reached skill level 11 in Fighting
 13554 | Lair:2   | Noticed a death yak
 13555 | Lair:2   | Noticed a death yak
 13556 | Lair:2   | Noticed a death yak
 13557 | Lair:2   | Noticed a death yak
 13557 | Lair:2   | Noticed a death yak
 13595 | Lair:2   | Killed a death yak
 13599 | Lair:2   | Killed a death yak
 13603 | Lair:2   | Killed a death yak
 13603 | Lair:2   | Reached XP level 13. HP: 84/84 MP: 13/13
 13614 | Lair:2   | Reached skill level 5 in Armour
 14037 | Lair:2   | Reached skill level 5 in Long Blades
 14507 | Lair:3   | Reached skill level 12 in Fighting
 15541 | Lair:4   | Found a glowing silver altar of Zin.
 15647 | Lair:4   | Noticed an eight-headed hydra
 15836 | Lair:4   | Killed an eight-headed hydra
 15912 | Lair:4   | Received a gift from Trog
 15961 | Lair:4   | Found a staircase to the Swamp.
 16065 | Lair:4   | Found a hole to the Spider Nest.
 16629 | Lair:5   | Reached XP level 14. HP: 75/92 MP: 14/14
 17314 | Lair:6   | Entered Level 6 of the Lair of Beasts
 17660 | Lair:6   | Reached skill level 13 in Fighting
 17670 | Lair:6   | Received a gift from Trog
 17673 | Lair:6   | Got an encrusted rapier {god gift}
 17789 | Lair:6   | Identified the +14 rapier of the Known World {pierce, Dex+2
                  | Stlth+} (Trog gifted it to you on level 6 of the Lair of
                  | Beasts)
 17987 | Lair:6   | Noticed Urug
 18001 | Lair:6   | Killed Urug
 18358 | Lair:6   | Got a flickering lead ring
 18359 | Lair:6   | Identified the ring of Midsummer {*Tele Int+4} (You found
                  | it on level 6 of the Lair of Beasts)
 18485 | Lair:6   | Reached XP level 15. HP: 91/100 MP: 13/15
 18490 | Lair:6   | Found a staircase to the Slime Pits.
 18490 | Lair:6   | Found a viscous altar of Jiyva.
 19415 | D:12     | Received a gift from Trog
 20303 | D:13     | Reached skill level 1 in Slings
 20527 | D:13     | Reached skill level 14 in Fighting
 20680 | D:13     | Found a gate to the Vaults.
 20928 | D:13     | Noticed Nessos
 20936 | D:13     | Killed Nessos
 21369 | D:14     | Received a gift from Trog
 21824 | D:14     | Reached skill level 15 in Dodging
 21873 | D:14     | Found a frozen archway.
 22316 | D:14     | Found a glowing silver altar of Zin.
 22316 | D:14     | Noticed an angel
 22317 | D:14     | Found a runed translucent door.
 22901 | D:15     | Entered Level 15 of the Dungeon
 22949 | D:15     | Received a gift from Trog
 23170 | D:15     | Found a snail-covered altar of Cheibriados.
 23801 | D:15     | Found a staircase to the Depths.
 23833 | D:15     | Reached XP level 16. HP: 100/107 MP: 14/16
 24210 | D:15     | Reached skill level 15 in Fighting
 24353 | D:15     | Received a gift from Trog
 24921 | Orc:1    | Entered Level 1 of the Orcish Mines
 24983 | Orc:1    | Noticed Erolcha
 24991 | Orc:1    | Killed Erolcha
 25158 | Orc:2    | Entered Level 2 of the Orcish Mines
 25158 | Orc:2    | Found a staircase to the Elven Halls.
 25175 | Orc:1    | Noticed Maurice
 25190 | Orc:2    | Killed Maurice
 25297 | Orc:2    | Received a gift from Trog
 25473 | Orc:2    | Reached skill level 5 in Slings
 25736 | Orc:2    | HP: 5/162 [orc knight/+0 war axe (15)]
 25875 | Orc:2    | Found a roughly hewn altar of Beogh.
 26302 | Orc:1    | Received a gift from Trog
 26986 | Orc:2    | Found Cenubopp's Antique Weapon Emporium.
 26994 | Orc:2    | Found Entaz's Antique Armour Emporium.
 27152 | Orc:2    | Found Hywiy's General Store.
 27186 | Orc:2    | Found Fiphupiuh's Book Emporium.
 27381 | Orc:2    | Found a roughly hewn altar of Beogh.
 27608 | Orc:2    | Bought a scroll of acquirement for 520 gold pieces
 27609 | Orc:2    | Got a heavily runed ring mail
 27620 | Orc:2    | Identified the +1 ring mail "Qiozac" {-Tele rPois rF+++ MR+
                  | Str+2} (You acquired it on level 2 of the Orcish Mines)
 27900 | Swamp:1  | Entered Level 1 of the Swamp
 28159 | Swamp:1  | Noticed a thorn hunter
 28172 | Swamp:1  | Killed a thorn hunter
 29318 | Swamp:1  | Noticed Frances
 29335 | Swamp:1  | Killed Frances
 29335 | Swamp:1  | Reached skill level 16 in Fighting
 29603 | Swamp:1  | Noticed Donald
 29621 | Swamp:1  | Killed Donald
 29985 | Swamp:2  | Reached XP level 17. HP: 110/115 MP: 15/17
 30159 | Swamp:2  | Received a gift from Trog
 31009 | Swamp:3  | Upgraded the game from 0.25-a0-366-g516bc45ae0 to
                  | 0.25-a0-378-gd2ca0b7745
 31218 | Swamp:3  | Found a transporter.
 31402 | Swamp:3  | Found a transporter.
 31760 | Swamp:4  | Entered Level 4 of the Swamp
 32067 | Swamp:4  | HP: 5/116 [eight-headed hydra[a spriggan druid] (7)]
 32067 | Swamp:4  | HP: 1/116 [eight-headed hydra[a spriggan druid] (4)]
 32970 | Swamp:4  | Received a gift from Trog
 33512 | Swamp:4  | Reached skill level 10 in Long Blades
 33524 | Swamp:4  | Reached skill level 17 in Fighting
 33988 | Swamp:4  | Got a decaying rune of Zot
 35022 | Spider:1 | Entered Level 1 of the Spider Nest
 35270 | Spider:1 | Received a gift from Trog
 35312 | Spider:1 | HP: 5/117 [poisoned by a redback]
 35314 | Spider:1 | HP: 1/117 [poisoned by a redback]
 35314 | Spider:1 | Slain by a jumping spider

Levels and vault maps discovered:
D:1:      kennysheep_arrival_forest, layout_basic
D:2:      layout_basic, first_ration, uniq_sigmund
D:3:      layout_rooms, gup_sewer_entry_spiral, uniq_natasha, uniq_robin,
          uniq_grinder
D:4:      layout_basic, minmay_temple_entry_wispy, kennysheep_okawaru_gauntlet
D:5:      layout_gridville, minmay_misc_feat_tower, kennysheep_path_1,
          minmay_misc_feat_rows, uniq_blork_the_orc
D:6:      layout_gridville, bloody_makhleb, ebering_ghost_reflecting_pool,
          nrook_uturn
D:7:      layout_layer_cave, grunt_livestock, grunt_gozag_breadcrumbs
D:8:      layout_rooms, lair_entry_dummy, david_defended_altar_elf
D:9:      layout_roguey, grunt_ministairs_11, minmay_misc_feat_encased,
          xom_shifter_show
D:10:     layout_irregular_city, serial_shops, kennysheep_little_box
D:11:     layout_layer_cave, david_orc_4
D:12:     layout_gridville
D:13:     layout_roguey, david_vaults_1, small_statue_alley_a,
          serial_bayou_lagoon_a, uniq_nessos
D:14:     layout_grid_maze, serial_ice, serial_ice_j, serial_ice_f,
          serial_ice_a, serial_ice_n, portal_ice_cave_entry_ice_beasts,
          minmay_misc_feat_secret_circle, lemuel_angel_altar
D:15:     gammafunk_depths_entry_grave, layout_loops_corners, basic_altar,
          special_room [special_room_bee], amethyst_killhole
Temple:   compressed_dpeg_triangle_lava_temple
Lair:1:   layout_regular_city, uniq_erica
Lair:2:   layout_cave_pods, beast_lair_carwin_4, uniq_harold
Lair:3:   layout_gridlike, grunt_megastairs_5
Lair:4:   layout_gridlike, minmay_swamp_entry_reptiles,
          spider_nest_entry_web_field, basic_altar
Lair:5:   layout_long_grid, wad_woods_03
Lair:6:   evilmike_catoblepas_cave, layout_concentric_octagons, slime_altar_1,
          serial_bayou_shore_b, uniq_urug
Swamp:1:  layout_basic_swamp, nicolae_swamp_dense_foliage, uniq_frances,
          uniq_donald
Swamp:2:  layout_falls_marsh, serial_swamp_ruin, hangedman_swamp_ruin_wall,
          evilmike_swamp_ruin_house_4
Swamp:3:  gammafunk_the_bubble [the_bubble_gammafunk_plus_minus],
          layout_basic_swamp, evilmike_swamp_ruin_house_5,
          infiniplex_staircase_pool
Swamp:4:  swamp, layout_basic_swamp
Spider:1: layout_chambers
Orc:1:    layout_caves, serial_shops, uniq_erolcha, uniq_maurice
Orc:2:    grunt_orc_cross, layout_caves, basic_altar

Skill      XL: |  1  2  3  4  5  6  7  8  9 10 11 12 13 14 15 16 17 |
---------------+----------------------------------------------------+-----
Fighting       | 4 5 6 7 8 10 11 12 13 14 16 17 | 17.2
Short Blades   | 6 8 9 11 13 14 | 14.0
Dodging        | 3 4 6 7 8 10 12 13 14 15 16 | 16.5
Shields        | 1 2 3 4 5 6 |  6.8
Armour         | 2 4 6 8 9 |  9.6
Long Blades    | 1 4 6 7 8 9 10 | 10.1
Slings         | 4 6 7 |  7.7

Action                   |  1- 3 |  4- 6 |  7- 9 | 10-12 | 13-15 | 16-18 || total
-------------------------+-------+-------+-------+-------+-------+-------++-------
Melee: Short sword       |    88 |   180 |   622 |   373 |       |       ||  1263
       Rapier            |       |       |       |   593 |  1165 |  1036 ||  2794
       Scimitar          |       |       |       |       |    21 |       ||    21
 Fire: Hunting sling     |       |       |       |       |   118 |   380 ||   498
Throw: Stone             |       |       |    13 |       |       |       ||    13
       Boomerang         |       |       |       |       |     1 |    13 ||    14
Invok: Berserk           |     2 |     1 |     3 |     7 |     5 |    12 ||    30
       Trog's Hand       |       |       |     1 |     5 |     3 |     7 ||    16
       Brothers in Arms  |       |       |       |       |       |     1 ||     1
Evoke: Wand              |       |       |       |     6 |       |       ||     6
  Use: Scroll            |       |     3 |    10 |    11 |    10 |     9 ||    43
       Potion            |       |       |       |       |       |     2 ||     2
 Stab: Sleeping          |       |       |       |       |     3 |       ||     3
       Distracted        |       |       |       |       |     3 |       ||     3
  Eat: Chunk             |     8 |     6 |    19 |    30 |    37 |    48 ||   148
Armor: Chain mail        |    35 |    65 |   159 |   200 |       |       ||   459
       Acid dragon scale |       |       |       |    17 |   152 |    72 ||   241
       Ring mail         |       |       |       |       |       |    20 ||    20
       Swamp dragon scal |       |       |       |       |       |   172 ||   172
Dodge: Dodged            |    33 |    62 |   180 |   322 |   604 |   919 ||  2120
Block: Buckler           |     7 |    37 |    92 |   176 |   202 |   162 ||   676
       Shield            |       |       |       |       |       |   331 ||   331
       Rpst.: Scimitar   |       |       |       |       |     6 |       ||     6

Table legend:
 A = Non-vault XP
 B = Vault XP
 C = Vault XP percentage of total XP
 D = Non-vault monster count
 E = Vault monster count
 F = Vault count percentage of total count
                 A         B        C        D         E       F
            +---------+---------+-------+---------+---------+-------
      Total |  137700 |   67326 |  32.8 |     677 |     223 |  24.8
            +---------+---------+-------+---------+---------+-------
        D:1 |      40 |       0 |   0.0 |      27 |       0 |   0.0
        D:2 |      71 |     231 |  76.5 |      17 |       1 |   5.6
        D:3 |     178 |     378 |  68.0 |      21 |      17 |  44.7
        D:4 |     580 |       3 |   0.5 |      23 |       2 |   8.0
        D:5 |     708 |      96 |  11.9 |      14 |       1 |   6.7
        D:6 |    1413 |       0 |   0.0 |      26 |       0 |   0.0
        D:7 |    1085 |     978 |  47.4 |      18 |       5 |  21.7
        D:8 |    1358 |     563 |  29.3 |      24 |       1 |   4.0
        D:9 |    2504 |      79 |   3.1 |      22 |       4 |  15.4
       D:10 |    3014 |       0 |   0.0 |      42 |       0 |   0.0
       D:11 |    3581 |     719 |  16.7 |      27 |      17 |  38.6
       D:12 |    1555 |       0 |   0.0 |      17 |       0 |   0.0
       D:13 |    6274 |    4424 |  41.4 |      17 |       7 |  29.2
       D:14 |   11080 |    2500 |  18.4 |      30 |      18 |  37.5
       D:15 |   12853 |    6428 |  33.3 |      35 |      33 |  48.5
     Lair:1 |    2608 |     944 |  26.6 |      12 |       1 |   7.7
     Lair:2 |    9175 |    2121 |  18.8 |      26 |       7 |  21.2
     Lair:3 |    3483 |    1057 |  23.3 |      15 |       5 |  25.0
     Lair:4 |    6006 |     481 |   7.4 |      23 |       2 |   8.0
     Lair:5 |    5163 |     475 |   8.4 |      22 |       2 |   8.3
     Lair:6 |   12204 |   12378 |  50.4 |      33 |      24 |  42.1
    Swamp:1 |   13559 |    4290 |  24.0 |      35 |       2 |   5.4
    Swamp:2 |    9401 |       0 |   0.0 |      25 |       0 |   0.0
    Swamp:3 |    6402 |       0 |   0.0 |      19 |       0 |   0.0
    Swamp:4 |   10956 |   19749 |  64.3 |      32 |      29 |  47.5
   Spider:1 |    6362 |       0 |   0.0 |      22 |       0 |   0.0
      Orc:1 |    3131 |    1064 |  25.4 |      19 |       1 |   5.0
      Orc:2 |    2956 |    8230 |  73.6 |      34 |      33 |  49.3
      Sewer |       0 |     138 | 100.0 |       0 |      11 | 100.0
            +---------+---------+-------+---------+---------+-------
